 Dungeon Crawl Stone Soup version 0.31-a0-851-g7ff8af7976 (webtiles) character file.

Game seed: 18089278545627613370

2013 fireball365 the Cleaver (level 9, 0/71 HPs)
             Began as a Hill Orc Fighter on Oct 31, 2022.
             Was an Initiate of Gozag.
             Killed by an exploding orc (36 damage)
             ... ignited by their inner flame
             ... on level 6 of the Dungeon on Oct 7, 2023.
             The game lasted 00:23:37 (6396 turns).

fireball365 the Cleaver (Hill Orc Fighter)          Turns: 6396, Time: 00:23:37

Health: 0/71       AC:  7    Str: 29    XL:     9   Next: 22%
Magic:  0/9        EV: 10    Int: 14    God:    Gozag
Gold:   732        SH:  4    Dex: 10    Spells: 8/8 levels left

rFire   . . .        a - +1 war axe
rCold   . . .        c - +0 buckler
rNeg    . . .        b - +0 scale mail
rPois   .            (no helmet)
rElec   .            (no cloak)
rCorr   .            (no gloves)
SInv    .            (no boots)
Will    .....        r - amulet of guardian spirit Stlth
                     m - +6 ring of strength
HPRegen 0.31/turn    h - +6 ring of intelligence
MPRegen 0.11/turn

%: random rage (3%), guardian spirit
@: gold aura
A: berserk 1
a: Renounce Religion, Potion Petition, Call Merchant, Bribe Branch


You were on level 6 of the Dungeon.
You worshipped Gozag.
Gozag was pleased with you.
You visited 2 branches of the dungeon, and saw 8 of its levels.
You also visited: Ossuary.

You collected 772 gold pieces.
You paid 40 gold pieces to Gozag.

Inventory:

Hand Weapons
 a - a +1 war axe (weapon)
Missiles
 k - 8 javelins
 s - a throwing net
Armour
 b - a +0 scale mail (worn)
 c - a +0 buckler (worn)
Jewellery
 h - a +6 ring of intelligence (right hand)
 m - a +6 ring of strength (left hand)
 r - an amulet of guardian spirit (around neck)
 u - an amulet of guardian spirit
Talismans
 q - a beast talisman
 v - a serpent talisman
Wands
 o - a wand of flame (21)
Scrolls
 p - 3 scrolls of vulnerability
 t - a scroll of teleportation {unknown}
 w - a scroll of enchant armour {unknown}
 x - a scroll of noise {unknown}
 y - 3 scrolls of identify {unknown}
 B - a scroll of blinking
 C - a scroll of amnesia {unknown}
 D - a scroll of fear {unknown}
 E - a scroll of revelation {unknown}
Potions
 d - 2 potions of might
 e - 3 potions of heal wounds
 f - 7 potions of curing (quivered)
 i - 2 potions of attraction
 j - a potion of haste
 l - 2 potions of resistance
 z - 2 potions of lignification
 A - 3 potions of enlightenment {unknown}


   Skills:
 - Level 3.9 Fighting
 * Level 13.1 Axes
 + Level 5.9 Armour
 + Level 1.7 Dodging
 + Level 1.6 Stealth
 + Level 4.3 Shields
 + Level 0.4 Evocations


You had 8 spell levels left.
You didn't know any spells.
Your spell library contained the following spells:

 Spells                   Type           Power      Damage    Failure   Level
 Lesser Beckoning         Tloc           0%         N/A       71%         2
 Gell's Gravitas          Tloc           0%         N/A       90%         3
 Teleport Other           Tloc           0%         N/A       90%         3
 Animate Armour           Summ/Erth      0%         N/A       100%        4
 Summon Lightning Spire   Summ/Air       0%         N/A       100%        4
 Lee's Rapid Deconstruct  Erth           0%         3d4*      100%        5


Dungeon Overview and Level Annotations

Branches:
Dungeon (7/15)             Temple (1/1) D:5         Ossuary (visited)

Altars:
Ashenzari
Dithmenos
Gozag
Hepliaklqana
Kikubaaqudgha
Nemelex Xobeh
Okawaru
Qazlal
Ru
Trog
Uskayaw
Vehumet
Xom
Yredelemnul

Shops:
D:3 (


Innate Abilities, Weirdness & Mutations

You sometimes lose your temper in combat.


Message History

Press: ? - help, Q - select action, (/) - cycle Shift-Dir - straight line, f/p - Jeremiah
Aim: Jeremiah, wielding a +4 trident of draining, wearing a +0 robe and wearing an orb of energy (heavily wounded, 60% to hit)
The puff of flame hits the orc priest!
The orc priest is heavily wounded.
The butterfly is engulfed in poison gas.
The butterfly is poisoned.
You kill the butterfly!
The butterfly disappears in a burst of colours!
Read: scroll of immolation
Press: ? - help, Q - select action, (/) - cycle Dir - look around, f - activate
As you read the scroll of immolation, it crumbles to dust.
The creatures around you are filled with an inner flame!
The butterfly is engulfed in poison gas.
The butterfly is poisoned.
The butterfly disappears in a burst of colours!
The butterfly explodes!
The fiery explosion engulfs the butterfly!!
The butterfly disappears in a burst of colours!
The butterfly explodes!
The fiery explosion engulfs Jeremiah!!
The butterfly disappears in a burst of colours!
The fiery explosion engulfs the orc priest!
The orc priest explodes!
Jeremiah explodes!
You hear a shout! x2
Your life force feels restored.
Your Axes skill increases to level 13!
An orc comes into view. It is wielding a +0 whip.
The orc shouts!
The orc hits you from afar with a +0 trident.
The orc throws a stone.
The stone hits you but does no damage. The orc hits you but does no damage.
The orc barely misses you.
The orc throws a stone.
The stone hits you but does no damage. You block the orc's attack.
You slash the orc!
The orc explodes!
The fiery explosion engulfs you!!!
Ouch! That really hurt!
You die...
Your body crumbles into a pile of gold.

########
#......#
#...§..#
###..§§§.# ###
#...)§@§<# #..#
#..#......##...#
#....$.#..#
#.)..$....#
#..o.$.##$#
###..$.#..#
####$##$$.#
#$...##>.$#
#.####.$#.####


You could see an orc.

Vanquished Creatures
  Jeremiah (D:6)
  Sigmund (D:4)
  A shadow (D:5)
  A water moccasin (D:5)
  An ice beast (D:6)
  A black bear (D:6)
  An ogre (D:5)
  3 phantoms
  A bullfrog (D:6)
  A killer bee (D:6)
  A howler monkey (D:7)
  4 hounds
  2 orc priests
  Jessica (D:2)
  2 iguanas (D:6)
  Natasha (thrice) (D:2)
  An orc wizard (D:5)
  12 mummies (Ossuary)
  3 gnolls (D:3)
  8 adders
  2 dart slugs (D:4)
  6 orcs
  7 ball pythons
  7 bats
  5 endoplasms
  3 giant cockroaches
  6 goblins
  10 hobgoblins
  3 kobolds
  5 quokkas
  3 frilled lizards
  2 kobold skeletons (Ossuary)
  6 orc skeletons (Ossuary)
  3 rats
  11 rat skeletons (Ossuary)
128 creatures vanquished.

Notes
Turn   | Place    | Note
-------+----------+-------------------------------------------
     0 | D:1      | fireball365 the Hill Orc Fighter began the quest for the
                  | Orb.
     0 | D:1      | Reached XP level 1. HP: 19/19 MP: 1/1
     0 | D:1      | Upgraded the game from 0.30-a0-339-g89bb51ec76 to
                  | 0.31-a0-167-g1c394c0614
    24 | D:1      | Found a faded altar of an unknown god.
    86 | D:1      | Reached XP level 2. HP: 27/27 MP: 2/2
   268 | D:1      | Reached skill level 3 in Axes
   346 | D:1      | Upgraded the game from 0.31-a0-167-g1c394c0614 to
                  | 0.31-a0-851-g7ff8af7976
  1059 | D:2      | Reached XP level 3. HP: 26/33 MP: 3/3
  1103 | D:2      | Noticed Natasha
  1106 | D:2      | Killed Natasha
  1107 | D:2      | Reached skill level 4 in Axes
  1165 | D:2      | Reached XP level 4. HP: 39/40 MP: 4/4
  1561 | D:2      | Noticed Natasha
  1566 | D:2      | Killed Natasha
  1595 | D:2      | Noticed Natasha
  1607 | D:2      | Killed Natasha
  1608 | D:2      | Reached skill level 5 in Axes
  1608 | D:2      | Reached XP level 5. HP: 42/46 MP: 5/5
  1748 | D:2      | Noticed Jessica
  1754 | D:2      | Killed Jessica
  2240 | D:3      | Found a radiant altar of Vehumet.
  2365 | D:3      | Found a broken altar of Ashenzari.
  2368 | D:3      | Found a sparkling altar of Nemelex Xobeh.
  2382 | D:3      | Found a shadowy altar of Dithmenos.
  2385 | D:3      | Found a hazy altar of Hepliaklqana.
  2438 | D:3      | Found an opulent altar of Gozag.
  2453 | D:3      | Became a worshipper of Gozag Ym Sagoz the Greedy
  2562 | D:3      | Reached skill level 6 in Axes
  2565 | D:3      | Reached XP level 6. HP: 37/52 MP: 6/6
  2762 | D:3      | Found Wofuzxorch's Weapon Shoppe.
  2816 | D:3      | Found a basalt altar of Yredelemnul.
  2823 | D:3      | Found a hide-covered altar of Uskayaw.
  2826 | D:3      | Found an ancient bone altar of Kikubaaqudgha.
  3179 | D:1      | Gained mutation: You sometimes lose your temper in combat.
                  | [potion of mutation]
  3397 | D:4      | Noticed Sigmund
  3418 | D:4      | Killed Sigmund
  3419 | D:4      | Reached skill level 7 in Axes
  3680 | D:4      | Found a stormy altar of Qazlal.
  3794 | D:4      | You fall into a shaft and drop 3 floors!
  3851 | D:6      | Reached XP level 7. HP: 58/58 MP: 7/7
  3858 | D:6      | Reached skill level 8 in Axes
  3884 | D:6      | Reached skill level 1 in Dodging
  3917 | D:5      | Entered Level 5 of the Dungeon
  4030 | D:5      | Reached skill level 9 in Axes
  4262 | D:5      | Found a sand-covered staircase.
  4266 | Ossuary  | Entered an ossuary
  4321 | Ossuary  | Reached skill level 5 in Armour
  4442 | Ossuary  | Reached XP level 8. HP: 55/66 MP: 6/8
  4688 | Ossuary  | Reached skill level 10 in Axes
  5007 | D:4      | Found a white marble altar of Elyvilon.
  5014 | D:4      | Found an ornate altar of the Wu Jian Council.
  5014 | D:4      | Found a shimmering altar of Xom.
  5019 | D:4      | Found a hazy altar of Hepliaklqana.
  5019 | D:4      | Found an opulent altar of Gozag.
  5019 | D:4      | Found a stormy altar of Qazlal.
  5194 | D:5      | Found a staircase to the Ecumenical Temple.
  5214 | Temple   | Entered the Ecumenical Temple
  5337 | D:5      | Reached skill level 11 in Axes
  5641 | D:5      | Found a sacrificial altar of Ru.
  5784 | D:5      | Found a bloodstained altar of Trog.
  6105 | D:6      | Noticed Jeremiah
  6105 | D:6      | Noticed a shadow
  6118 | D:7      | Noticed a yak
  6118 | D:7      | Noticed a yak
  6118 | D:7      | Noticed a yak
  6121 | D:7      | Reached skill level 12 in Axes
  6128 | D:6      | Reached skill level 1 in Stealth
  6141 | D:5      | Killed a shadow
  6142 | D:5      | Reached XP level 9. HP: 26/71 MP: 3/9
  6380 | D:6      | Killed Jeremiah
  6381 | D:6      | Reached skill level 13 in Axes
  6396 | D:6      | Killed by an exploding orc... ignited by their inner flame

Illustrated notes

Levels and vault maps discovered:
D:1:      minmay_arrival_floating_metal, layout_basic,
          hellmonk_ecumenical_altar_blasted
D:2:      layout_basic, uniq_natasha, uniq_jessica
D:3:      layout_basic, grunt_temple_overflow_cloverleaf,
          mainiacjoe_overflow_alcove_1, grunt_temple_overflow_diamond,
          nicolae_vehumet_altar_sigil, serial_shops,
          nicolae_shop_advertising_works [nicolae_subvault_shop_adworks],
          minmay_fractal_squares_gapless_5
D:4:      wander_river, layout_rooms, doesnt_xom_only_xom, grunt_qazlal_clouds,
          minmay_misc_feat_tower, uniq_sigmund
D:5:      layout_loops_ring, nicolae_ru_the_path_less_chosen,
          lemuel_coloured_pillars_altar, minmay_temple_entry_mist,
          enter_ossuary_5
D:6:      layout_rooms, serial_shops, nicolae_shop_real_fake_doors,
          uniq_jeremiah
D:7:      layout_basic, fedhas_bush_and_centaur_altar, slow_altar_2
Temple:   ebering_the_one_and_only

Skill      XL: |  1  2  3  4  5  6  7  8  9 |
---------------+----------------------------+-----
Axes           | 3 4 5 6 7 9 12 13 | 13.1
Armour         | 4 5 |  5.9
Shields        | 4 |  4.3
Dodging        | 1 |  1.7
Stealth        | 1 |  1.6
Fighting       | |  3.9
Evocations     | |  0.4

Action                     |  1- 3 |  4- 6 |  7- 9 || total
---------------------------+-------+-------+-------++-------
  Melee: War axe           |    62 |   120 |   181 ||   363
  Evoke: Wand              |       |       |    12 ||    12
    Use: Potion            |     3 |     5 |     2 ||    10
         Scroll            |     2 |     4 |     3 ||     9
 Armour: Scale mail        |    63 |    86 |   106 ||   255
  Dodge: Dodged            |    51 |    56 |    71 ||   178
  Block: Buckler           |    23 |    27 |    26 ||    76

Table legend: (Time is in decaauts)
 A = Elapsed time spent in this place.
 B = Non-inter-level travel time spent in this place.
 C = Inter-level travel time spent in this place.
 D = Time resting spent in this place.
 E = Time spent auto-exploring this place.
 F = Levels seen in this place.
 G = Mean time per level.
                   A        B        C        D        E       F      G
               +--------+--------+--------+--------+--------+-----+--------+
         Total |   6539 |   5654 |    885 |      0 |   3329 |   9 |  726.6 |
       Dungeon |   5991 |   5106 |    885 |      0 |   3119 |   7 |  855.9 |
        Temple |      1 |      1 |      0 |      0 |      0 |   1 |    1.0 |
       Ossuary |    546 |    546 |      0 |      0 |    210 |   1 |  546.0 |
               +--------+--------+--------+--------+--------+-----+--------+

Top non-repeatable levels by time:
     D:5: 1432 daAuts
     D:1: 1363 daAuts
     D:2: 1132 daAuts
     D:3: 943 daAuts
     D:4: 713 daAuts
 Ossuary: 546 daAuts
     D:6: 351 daAuts
     D:7: 55 daAuts
  Temple: 1 daAuts
